 Dungeon Crawl Stone Soup version 0.23-a0-635-g88ca12a (webtiles) character file.

57 CollectiveS the Shield-Bearer (level 3, -1/31 HPs)
             Began as a Demigod Fighter on Dec 27, 2018.
             Succumbed to Sigmund's poison
             ... on level 2 of the Dungeon.
             The game lasted 00:03:00 (1318 turns).

CollectiveS the Shield-Bearer (Demigod Fighter)     Turns: 1318, Time: 00:03:01

Health: -1/31      AC:  7    Str: 21    XL:     3   Next: 50%
Magic:  5/5        EV:  7    Int: 12    God:
Gold:   53         SH:  9    Dex: 15    Spells: 2/2 levels left

rFire    . . .     SeeInvis .   a - +0 war axe
rCold    . . .     Gourm    .   c - +0 shield
rNeg     . . .     Faith    .   b - +0 scale mail
rPois    .         Spirit   .   g - +0 helmet
rElec    .         Reflect  .   (no cloak)
rCorr    .         Harm     .   (no gloves)
MR       .....                  (no boots)
Stlth    ..........             (no amulet)
HPRegen  0.10/turn              (no ring)
MPRegen  0.09/turn              (no ring)

@: lethally poisoned (-1 -> -19)
A: high mp 1
a: no special abilities


You were on level 2 of the Dungeon.
You were not hungry.

You visited 1 branch of the dungeon, and saw 2 of its levels.

You collected 53 gold pieces.

Inventory:

Hand Weapons
 a - a +0 war axe (weapon)
Armour
 b - a +0 scale mail (worn)
 c - a +0 shield (worn)
 g - a +0 helmet (worn)
Scrolls
 e - 3 scrolls of identify {unknown}
 i - a scroll of teleportation {unknown}
Potions
 d - a potion of might
 h - a potion of curing {unknown}
 j - a potion of brilliance {unknown}
Comestibles
 f - 2 rations
 k - a chunk of flesh


   Skills:
 + Level 3.0 Fighting
 + Level 2.4 Axes
 + Level 3.1 Armour
 + Level 0.1 Dodging
 + Level 3.2 Shields


You had 2 spell levels left.
You didn't know any spells.
Your spell library was empty.

Dungeon Overview and Level Annotations

Branches:
Dungeon (2/15)

Annotations:
D:2 Sigmund, Terence


Innate Abilities, Weirdness & Mutations

You have an increased reservoir of magic. (+10% MP)


Message History

You're too confused to move!
You feel sick.
You hear some strange, mumbled words.
Something tries to affect you, but you resist.
You feel less confused.
You feel sick. Something hits you!
You are confused.
You feel sick.
You feel sick.
You bump into the rock wall.
You feel less confused.
You hear some strange, mumbled words.
Something tries to affect you, but you resist.
You feel sick. Something hits you!
* * * LOW HITPOINT WARNING * * *
You are lethally poisoned!
* * * LOW HITPOINT WARNING * * *
You feel sick.
You die...

#..#.#.....#.#'#######
##.#.......#.#.#
#.#.#.##....#.#########
#......'....+.#.......#
#..##.##....#.+.......#
#......'....#.#.......#
#...#^##..{.#.........#
#......##.............#
#..##........@........#
..................<....#
.#...#...........#######
#...........#
............[#
#...............
#................
.....#..........
######.....


There were no monsters in sight!

Vanquished Creatures
  A gnoll (D:1)
  An adder (D:2)
  An ooze (D:1)
  3 dart slugs (D:1)
  2 leopard geckos (D:2)
  6 goblins
  2 hobgoblins (D:1)
  A kobold (D:2)
  3 bats
  3 frilled lizards
  7 rats
30 creatures vanquished.

Notes
Turn   | Place    | Note
-------+----------+-------------------------------------------
     0 | D:1      | CollectiveS the Demigod Fighter began the quest for the
                  | Orb.
     0 | D:1      | Reached XP level 1. HP: 18/18 MP: 3/3
   237 | D:1      | Reached XP level 2. HP: 25/25 MP: 4/4
   738 | D:1      | Reached XP level 3. HP: 31/31 MP: 5/5
   806 | D:2      | Noticed Terence
  1045 | D:2      | Noticed Sigmund
  1317 | D:2      | HP: 1/31 [poisoned by Sigmund]
  1318 | D:2      | Succumbed to Sigmund's poison

Vault maps used:
D:1:      mrwooster_arrival_statue_3
D:2:      nicolae_overflow_hidden_temple, grunt_temple_overflow_open,
          uniq_terence, uniq_robin, uniq_sigmund

Skill      XL: |  1  2 |
---------------+-------+-----
Axes           | 2 |  2.4
Armour         | 3 |  3.1
Shields        | 3 |  3.2
Fighting       | 3 |  3.0
Dodging        | |  0.1

Action                   || total
-------------------------++-------
Melee: War axe           ||    72
  Eat: Chunk             ||     1
Armor: Scale mail        ||    31
Dodge: Dodged            ||    27
Block: Shield            ||    38

Table legend:
 A = Non-vault XP
 B = Vault XP
 C = Vault XP percentage of total XP
 D = Non-vault monster count
 E = Vault monster count
 F = Vault count percentage of total count
                 A         B        C        D         E       F
            +---------+---------+-------+---------+---------+-------
      Total |      75 |       7 |   8.5 |      26 |       4 |  13.3
            +---------+---------+-------+---------+---------+-------
        D:1 |      51 |       0 |   0.0 |      19 |       0 |   0.0
        D:2 |      24 |       7 |  22.6 |       7 |       4 |  36.4
            +---------+---------+-------+---------+---------+-------
